 Dungeon Crawl Stone Soup version 0.27-a0-1065-ge809cff456 (webtiles) character file.

Game seed: 2958714231908414815

296 BritishOli the Skirmisher (level 6, 48/48 HPs)
             Began as a Demonspawn Fighter on Apr 22, 2021.
             Got out of the dungeon alive.
             The game lasted 00:04:26 (3904 turns).

BritishOli the Skirmisher (Demonspawn Fighter)      Turns: 3904, Time: 00:04:27

Health: 48/48      AC:  6    Str: 19    XL:     6   Next: 12%
Magic:  6/6        EV:  8    Int:  9    God:
Gold:   132        SH:  9    Dex: 12    Spells: 5/5 levels left

rFire    . . .     SeeInvis .   a - +0 long sword
rCold    . . .     Faith    .   c - +0 kite shield
rNeg     . . .     Spirit   .   b - +0 scale mail
rPois    .         Reflect  .   (no helmet)
rElec    .         Harm     .   (no cloak)
rCorr    .         Rampage  .   (no gloves)
Will     .....                  (no boots)
Stlth    ..........             (no amulet)
HPRegen  0.16/turn              (no ring)
MPRegen  0.10/turn              (no ring)

@: no status effects
A: claws 1, demonic magic 2
a: no special abilities


You escaped.
You visited 1 branch of the dungeon, and saw 3 of its levels.

You collected 132 gold pieces.

Inventory:

Hand Weapons
 a - a +0 long sword (weapon)
Armour
 b - a +0 scale mail (worn)
 c - a +0 kite shield (worn)
Wands
 l - a wand of polymorph (10)
Scrolls
 e - a scroll of brand weapon {unknown}
 g - 2 scrolls of identify {unknown}
 j - a scroll of teleportation {unknown}
 k - a scroll of enchant armour {unknown}
 m - a scroll of enchant weapon {unknown}
Potions
 d - a potion of might
 f - a potion of flight {unknown}
 h - 2 potions of curing
 i - a potion of invisibility {unknown}
 n - a potion of lignification {unknown}
 o - a potion of heal wounds {unknown}


   Skills:
 + Level 3.8 Fighting
 * Level 3.6 Long Blades
 + Level 3.5 Armour
 + Level 2.0 Dodging
 + Level 3.5 Shields


You had 5 spell levels left.
You didn't know any spells.
Your spell library contained the following spells:

 Spells                   Type           Power      Damage    Failure   Level
 Corona                   Hex            0%         N/A       99%         1
 Ensorcelled Hibernation  Hex/Ice        0%         N/A       100%        2
 Confusing Touch          Hex            0%         N/A       100%        3
 Dazzling Flash           Conj/Hex       0%         N/A       100%        3
 Tukima's Dance           Hex            0%         N/A       100%        3


Dungeon Overview and Level Annotations

Branches:
Dungeon (3/15)

Altars:
Nemelex Xobeh
Trog
Uskayaw
Yredelemnul


Innate Abilities, Weirdness & Mutations

You have sharp fingernails.
Spells you cast may paralyse nearby enemies.


Message History

The centaur zombie closely misses you.
You riposte.
You hit the centaur zombie.
The centaur zombie is heavily damaged.
The centaur zombie kicks you but does no damage.
The centaur zombie hits you but does no damage.
The centaur zombie kicks you but does no damage.
You hit the centaur zombie.
The centaur zombie is severely damaged.
You block the centaur zombie's attack. The centaur zombie kicks you.
The centaur zombie hits you but does no damage.
The centaur zombie barely misses you.
You slash the centaur zombie!
The centaur zombie is almost destroyed.
The centaur zombie hits you but does no damage.
The centaur zombie kicks you. The centaur zombie hits you.
The centaur zombie kicks you but does no damage.
You slash the centaur zombie!
You destroy the centaur zombie!
You have reached level 6!
Your experience leads to an increase in your attributes!
Increase (S)trength, (I)ntelligence, or (D)exterity?
You feel stronger.
Your demonic ancestry asserts itself...
Your magic grows more menacing.
Unknown command.
(D) Dungeon
Where to? (Enter - D:3, ? - help)
What level of the Dungeon? (default 1, ? - help)
There is a stone staircase leading up here.
You climb upwards.
There is a stone staircase leading down here.
You see here a +0 club.
There is a stone staircase leading up here.
You climb upwards.
There is a stone staircase leading down here.
(D) Dungeon
Where to? (Enter - D:1, ? - help)
Okay, then.
HP restored.
There is a staircase leading out of the dungeon here.
Are you sure you want to leave the Dungeon?
This will make you lose the game!
You have escaped!

........(...# ####.# #.#
####.######## #....# #.# # ###
########.##.###.# #
#P.............P# #
#≈P...........P≈# #
#≈≈P.........P≈≈# #
#≈≈≈P.......P≈≈≈# #
#≈≈≈≈P.....P≈≈≈≈### #
#≈≈≈≈≈P.@.P≈≈≈≈≈#.# #
#≈≈≈≈P.....P≈≈≈≈#.# #
#≈≈≈P.......P≈≈≈#.#
#########≈≈P.........P≈≈#.##
.......##≈P...........P≈#..######
.#####.##P.............P#).......
.# #.#########..###.#.....#####
.# #.##########............# .##
#.........(......#......#


There were no monsters in sight!

Vanquished Creatures
  A human (D:3)
  A centaur zombie (D:3)
  A human skeleton (D:3)
  2 adders (D:2)
  An adder skeleton (D:3)
  2 worms
  2 dart slugs (D:2)
  3 orcs (D:3)
  An endoplasm (D:3)
  A giant cockroach (D:1)
  11 goblins
  6 hobgoblins
  6 kobolds
  2 quokkas
  4 ball pythons
  8 bats
  A frilled lizard (D:1)
  9 rats
62 creatures vanquished.

Notes
Turn   | Place    | Note
-------+----------+-------------------------------------------
     0 | D:1      | BritishOli the Demonspawn Fighter began the quest for the
                  | Orb.
     0 | D:1      | Reached XP level 1. HP: 18/18 MP: 1/1
   344 | D:1      | Gained mutation: Spells you cast may paralyse adjacent
                  | enemies. [demonic ancestry]
   344 | D:1      | Reached XP level 2. HP: 24/24 MP: 2/2
   714 | D:1      | Found a faded altar of an unknown god.
  1145 | D:2      | Gained mutation: You have sharp fingernails. [demonic
                  | ancestry]
  1145 | D:2      | Reached XP level 3. HP: 29/29 MP: 3/3
  1846 | D:2      | Reached skill level 1 in Dodging
  2775 | D:3      | Reached XP level 4. HP: 35/35 MP: 4/4
  2873 | D:3      | Found a bloodstained altar of Trog.
  2874 | D:3      | Found a sparkling altar of Nemelex Xobeh.
  3285 | D:3      | Found a hide-covered altar of Uskayaw.
  3335 | D:3      | Found a runed translucent door.
  3335 | D:3      | Noticed a human
  3480 | D:3      | Found a basalt altar of Yredelemnul.
  3546 | D:3      | Killed a human
  3547 | D:3      | Reached XP level 5. HP: 10/42 MP: 5/5
  3839 | D:3      | Gained mutation: Spells you cast may paralyse nearby
                  | enemies. [demonic ancestry]
  3839 | D:3      | Reached XP level 6. HP: 39/48 MP: 6/6
  3904 | D:$      | Got out of the dungeon alive.

Illustrated notes

Levels and vault maps discovered:
D:1:      eino_arrival_druids_welcome, layout_loops_ring,
          chequers_ecumenical_altar_grove
D:2:      layout_basic, minmay_three_crescents
D:3:      layout_loops_corners, amcnicky_altar_gilded, dk_yredelemnul_ordeal,
          grunt_temple_overflow_open, marbit_many_paths

Skill      XL: |  1  2  3  4 |
---------------+-------------+-----
Long Blades    | 2 3 |  3.6
Shields        | 3 |  3.5
Armour         | 3 |  3.5
Dodging        | 1 2 |  2.0
Fighting       | |  3.8

Action                   |  1- 3 |  4- 6 || total
-------------------------+-------+-------++-------
Melee: Long sword        |   132 |    76 ||   208
Armor: Scale mail        |    70 |    28 ||    98
Dodge: Dodged            |    46 |    20 ||    66
Block: Kite shield       |    86 |    39 ||   125
       Rpst.: Long sword |    13 |    11 ||    24

Table legend: (Time is in decaauts)
 A = Elapsed time spent in this place.
 B = Non-inter-level travel time spent in this place.
 C = Inter-level travel time spent in this place.
 D = Time resting spent in this place.
 E = Time spent auto-exploring this place.
 F = Levels seen in this place.
 G = Mean time per level.
                   A        B        C        D        E       F      G
               +--------+--------+--------+--------+--------+-----+--------+
         Total |   4012 |   3862 |    150 |    627 |   2683 |   3 | 1337.3 |
       Dungeon |   4012 |   3862 |    150 |    627 |   2683 |   3 | 1337.3 |
               +--------+--------+--------+--------+--------+-----+--------+

Top non-repeatable levels by time:
     D:2: 1748 daAuts
     D:3: 1339 daAuts
     D:1: 924 daAuts
